 Dungeon Crawl Stone Soup version 0.26-a0-450-ge645bd13c1 (webtiles) character file.

Game seed: 11089196032240111113

161 KristoblXynda the Chopper (level 5, -2/49 HPs)
             Began as a Naga Berserker on July 27, 2020.
             Was a Believer of Trog.
             Slain by Grinder (4 damage)
             ... on level 4 of the Dungeon.
             The game lasted 00:03:33 (2992 turns).

KristoblXynda the Chopper (Naga Berserker)          Turns: 2992, Time: 00:03:33

Health: -2/49      AC:  5    Str: 25    XL:     5   Next: 42%
Magic:  5/5        EV:  9    Int:  8    God:    Trog [**....]
Gold:   142        SH:  0    Dex: 11    Spells: 4/4 levels left

rFire    . . .     SeeInvis +   a - +1 hand axe
rCold    . . .     Faith    .   (no shield)
rNeg     . . .     Spirit   .   g - +1 ring mail
rPois    +         Reflect  .   (no helmet)
rElec    .         Harm     .   (no cloak)
rCorr    .                      (no gloves)
MR       ++...                  (no barding)
Stlth    +.........             (no amulet)
HPRegen  1.16/turn              o - +6 ring of strength
MPRegen  0.09/turn              (no ring)

@: berserk cooldown, regenerating (expiring), slowed, lightly drained, very slow
A: large, see invisible, deformed body, poison resistance, slowness 2, spit
poison 1, AC +1
a: Spit Poison, Berserk, Trog's Hand, Renounce Religion


You were on level 4 of the Dungeon.
You worshipped Trog.
Trog was pleased with you.
You visited 1 branch of the dungeon, and saw 4 of its levels.

You collected 142 gold pieces.

Inventory:

Hand Weapons
 a - a +1 hand axe (weapon)
Missiles
 d - 8 poisoned darts (quivered)
Armour
 g - a +1 ring mail (worn)
Jewellery
 c - an uncursed amulet of magic regeneration
 o - a +6 ring of strength (left hand)
Scrolls
 e - a scroll of fear
 i - 2 scrolls of teleportation
 m - a scroll of amnesia {unknown}
 p - a scroll of identify {unknown}
Potions
 b - a potion of brilliance {unknown}
 f - a potion of stabbing {unknown}
 h - 2 potions of haste {unknown}
 j - a potion of berserk rage {unknown}
 k - a potion of might {unknown}
 l - a potion of mutation {unknown}
 n - a potion of lignification {unknown}


   Skills:
 - Level 3.0(2.7) Fighting
 * Level 4.4(4.1) Axes
 + Level 2.4(2.1) Armour
 + Level 2.3(2.1) Dodging
 + Level 3.2(3.0) Stealth


You had 4 spell levels left.
You didn't know any spells.
Your spell library was empty.

Dungeon Overview and Level Annotations

Branches:
Dungeon (4/15)
 Temple: D:4-7

Altars:
Gozag
Sif Muna
Uskayaw

Annotations:
D:4 Grinder


Innate Abilities, Weirdness & Mutations

You cannot wear boots.
Your serpentine skin is tough. (AC +1)
You have supernaturally acute eyesight. (SInv)
Armour fits poorly on your strangely shaped body.
Your system is resistant to poisons. (rPois)
You cover ground very slowly.
You can spit poison.


Message History

Your skin crawls.
You feel resistant to hostile enchantments.
Grinder hits you.
You writhe in agony.
You barely miss Grinder.
Grinder is heavily wounded.
Grinder barely misses you.
Grinder says, "Tell me all your secrets, or I'll kill you."
Grinder hits you but does no damage.
You hit Grinder.
Grinder is heavily wounded.
You feel the effects of Trog's Hand fading.
Grinder says, "What is the universe for?"
Grinder hits you.
* * * LOW HITPOINT WARNING * * *
You writhe in agony.
* * * LOW HITPOINT WARNING * * *
Grinder hits you!
* * * LOW HITPOINT WARNING * * *
You writhe in agony.
You die...

.. #..### ##..
#####.## ##.## #
#......# ##..#
#......###..###..
#.....>........$..
#.........########
#........##
#....5..##
#....@..#
#...[...#
#..........#
..##..........#
#.>#######.# #.# #
#. . #.


You could see Grinder.

Vanquished Creatures
  A bullfrog (D:2)
  Robin (D:2)
  3 adders (D:3)
  An ooze (D:3)
  A worm (D:3)
  A leopard gecko (D:3)
  3 orcs
  A giant cockroach (D:1)
  18 goblins
  5 hobgoblins
  A ball python (D:3)
  3 bats
  3 frilled lizards (D:2)
  4 kobolds
  5 rats
51 creatures vanquished.

Notes
Turn   | Place    | Note
-------+----------+-------------------------------------------
     0 | D:1      | KristoblXynda the Naga Berserker began the quest for the
                  | Orb.
     0 | D:1      | Reached XP level 1. HP: 21/21 MP: 1/1
   513 | D:1      | Reached skill level 1 in Stealth
   513 | D:1      | Reached XP level 2. HP: 28/28 MP: 2/2
  1161 | D:2      | Reached XP level 3. HP: 28/34 MP: 3/3
  1299 | D:2      | Noticed Robin
  1311 | D:2      | Killed Robin
  1756 | D:2      | Noticed a bullfrog
  1766 | D:2      | Killed a bullfrog
  1766 | D:2      | Reached skill level 4 in Axes
  1766 | D:2      | Reached XP level 4. HP: 23/42 MP: 4/4
  2116 | D:3      | Found a hide-covered altar of Uskayaw.
  2116 | D:3      | Noticed a +0 hand axe
  2117 | D:3      | Noticed a +0 dagger
  2160 | D:3      | Reached ** piety under Trog
  2160 | D:3      | Reached XP level 5. HP: 37/49 MP: 5/5
  2799 | D:3      | Found an opulent altar of Gozag.
  2949 | D:4      | Found a shimmering blue altar of Sif Muna.
  2976 | D:4      | Noticed Grinder
  2992 | D:4      | HP: 2/49 [Grinder (7)]
  2992 | D:4      | Slain by Grinder

Illustrated notes

Levels and vault maps discovered:
D:1:      elethiomel_arrival_infinity_welcomes_careful_drivers, layout_rooms,
          serial_bayou_pond_e
D:2:      layout_loops_ring, uniq_robin
D:3:      layout_rooms, dancing_weapons_uskayaw, lemuel_coloured_pillars_altar,
          cheibrodos_sewer_entry_bend, serial_bayou_pond_b,
          minmay_misc_feat_room
D:4:      layout_rooms, lemuel_round_altar,
          chequers_temple_overflow_statue_of_worship,
          nicolae_tso_swordbearing_angel, uniq_edmund, uniq_grinder,
          uniq_eustachio

Skill      XL: |  1  2  3  4 |
---------------+-------------+-----
Stealth        | 1 2 3 |  3.2
Dodging        | 2 |  2.3
Armour         | 2 |  2.4
Axes           | 4 |  4.4
Fighting       | |  3.0

Action                   |  1- 3 |  4- 6 || total
-------------------------+-------+-------++-------
Melee: Hand axe          |    91 |    74 ||   165
Invok: Berserk           |     2 |     2 ||     4
       Trog's Hand       |       |     1 ||     1
  Use: Scroll            |       |     7 ||     7
 Stab: Sleeping          |       |     1 ||     1
Armor: Ring mail         |    24 |    46 ||    70
Dodge: Dodged            |    46 |    53 ||    99

Table legend: (Time is in decaauts)
 A = Elapsed time spent in this place.
 B = Non-inter-level travel time spent in this place.
 C = Inter-level travel time spent in this place.
 D = Time resting spent in this place.
 E = Time spent auto-exploring this place.
 F = Levels seen in this place.
 G = Mean time per level.
                   A        B        C        D        E       F      G
               +--------+--------+--------+--------+--------+-----+--------+
         Total |   3708 |   3561 |    147 |    714 |   2261 |   4 |  927.0 |
       Dungeon |   3708 |   3561 |    147 |    714 |   2261 |   4 |  927.0 |
               +--------+--------+--------+--------+--------+-----+--------+

Top non-repeatable levels by time:
     D:2: 1455 daAuts
     D:1: 1132 daAuts
     D:3: 1042 daAuts
     D:4: 77 daAuts
